 Dungeon Crawl Stone Soup version 0.20.0-7-g3b7b877 (webtiles) character file.

163 mopl the Chucker (level 5, -3/50 HPs)
             Began as a Troll Hunter on May 29, 2017.
             Slain by Crazy Yiuf
             ... wielding a +3 quarterstaff of chaos
              (6 damage)
             ... on level 3 of the Dungeon.
             The game lasted 00:03:12 (2181 turns).

mopl the Chucker (Troll Hunter)                     Turns: 2181, Time: 00:03:13

Health: -3/50      AC:  5    Str: 20    XL:     5   Next: 20%
Magic:  2/4        EV: 10    Int:  7    God:
Gold:   97         SH:  0    Dex: 11    Spells: 4/4 levels left

rFire    . . .     SeeInvis .     - Unarmed
rCold    . . .     Gourm    +   (no shield)
rNeg     . . .     Faith    .   b - +0 robe
rPois    .         Spirit   .   (helmet restricted)
rElec    .         Reflect  .   (no cloak)
rCorr    .         Harm     .   (gloves unavailable)
MR       +....                  (boots unavailable)
Stlth    +.........             (no amulet)
Regen    0.6/turn               g - ring of protection from magic
MPRegen  0.1/turn               (no ring)

@: no status effects
A: unfitting armour, claws 3, fast metabolism 3, gourmand, regeneration 1,
shaggy fur 1, tough skin 2
a: no special abilities


You were on level 3 of the Dungeon.
You were completely stuffed.

You visited 1 branch of the dungeon, and saw 3 of its levels.

You collected 97 gold pieces.

Inventory:

Missiles
 c - 4 large rocks (quivered)
 d - 2 throwing nets
 e - 43 stones
 j - 31 poisoned needles
 p - 8 curare-tipped needles
 q - 9 tomahawks
Armour
 b - a +0 robe (worn)
Jewellery
 g - a ring of protection from magic (left claw)
Scrolls
 h - a scroll of random uselessness {unknown}
 i - a scroll of recharging {unknown}
 k - 3 scrolls of teleportation {unknown}
 l - a scroll of remove curse {unknown}
 m - a scroll of enchant armour {unknown}
 n - 5 scrolls of identify {unknown}
 o - 3 scrolls of magic mapping {unknown}
Potions
 a - 2 potions of curing {unknown}
 r - 2 potions of heal wounds {unknown}
Comestibles
 f - 2 bread rations


   Skills:
 + Level 2.7 Fighting
 + Level 4.2 Throwing
 - Level 1.5 Dodging
 - Level 0.3 Stealth
 * Level 3.3 Unarmed Combat


You had 4 spell levels left.
You didn't know any spells.

Dungeon Overview and Level Annotations

Branches:
Dungeon (3/15)

Altars:
Gozag

Annotations:
D:3 Crazy Yiuf


Innate Abilities, Weirdness & Mutations

You are too large for most types of armour.
You have claws for hands.
Your metabolism is lightning-fast.
You like to eat raw meat.
Your natural rate of healing is unusually fast.
You are covered in fur. (AC +1)
You have very tough skin. (AC +2)


Message History

You feel your power leaking away.
You scratch Crazy Yiuf but do no damage.
Crazy Yiuf is heavily wounded.
Crazy Yiuf hits you with a quarterstaff of chaos.
Crazy Yiuf freezes you.
You claw Crazy Yiuf!
Crazy Yiuf is almost dead.
Crazy Yiuf hits you with a quarterstaff of chaos!
* * * LOW HITPOINT WARNING * * *
Crazy Yiuf burns you.
* * * LOW HITPOINT WARNING * * *
Throwing (i - inventory. (,) - cycle):
c - 5 large rocks (quivered)
Press: ? - help, Shift-Dir - straight line, f/p - Crazy Yiuf
Aim: Crazy Yiuf, wielding a quarterstaff of chaos and wearing a cloak (almost dead)
You throw a large rock.
The large rock closely misses Crazy Yiuf.
Crazy Yiuf hits you with a quarterstaff of chaos!
* * * LOW HITPOINT WARNING * * *
Crazy Yiuf hits you with a quarterstaff of chaos.
You die...

########
##.#..#.### ###
##.....)#))##...#
#......####@g(.(#
#...#.## ###.))#
#.##### ### #.#
.. #.# ## .# #.#
### #. #.#
#.########.#
##.####.#
#..........###
#.).....#
##########...#
#..)....###


You could see Crazy Yiuf.

Vanquished Creatures
  A hound (D:3)
  5 adders
  2 dart slugs (D:2)
  3 leopard geckos
  6 orcs (D:3)
  8 giant cockroaches
  8 goblins
  12 hobgoblins
  9 kobolds
  A quokka (D:2)
  5 bats
  6 frilled lizards
  6 rats
72 creatures vanquished.

Notes
Turn   | Place    | Note
-------+----------+-------------------------------------------
     0 | D:1      | mopl the Troll Hunter began the quest for the Orb.
     0 | D:1      | Reached XP level 1. HP: 19/19 MP: 0/0
   104 | D:1      | Reached XP level 2. HP: 28/28 MP: 1/1
   108 | D:1      | Reached skill level 1 in Unarmed Combat
   383 | D:1      | Reached XP level 3. HP: 35/35 MP: 2/2
   460 | D:1      | Reached skill level 2 in Unarmed Combat
   773 | D:1      | Reached skill level 2 in Fighting
  1245 | D:2      | Found an opulent altar of Gozag.
  1628 | D:2      | Reached skill level 4 in Throwing
  1628 | D:2      | Reached XP level 4. HP: 33/42 MP: 3/3
  1894 | D:3      | Reached skill level 3 in Unarmed Combat
  2037 | D:3      | Reached XP level 5. HP: 46/50 MP: 4/4
  2167 | D:3      | Found a runed door.
  2171 | D:3      | Noticed Crazy Yiuf
  2181 | D:3      | Slain by Crazy Yiuf

Skill      XL: |  1  2  3  4 |
---------------+-------------+-----
Unarmed Combat | 1 2 3 |  3.3
Fighting       | 2 |  2.7
Throwing       | 4 |  4.2
Dodging        | |  1.5
Stealth        | |  0.3

Action                   |  1- 3 |  4- 6 || total
-------------------------+-------+-------++-------
Melee: Unarmed           |   138 |    85 ||   223
       Punch             |     3 |     1 ||     4
Throw: Large rock        |       |     1 ||     1
       Tomahawk          |       |     1 ||     1
 Stab: Distracted        |     1 |       ||     1
       Sleeping          |     1 |       ||     1
  Eat: Chunk             |    17 |     9 ||    26
Armor: Robe              |    65 |    36 ||   101
Dodge: Dodged            |    68 |    44 ||   112
